 Dungeon Crawl Stone Soup version 0.25-a0-940-gc6eaff51cc (webtiles) character file.

Game seed: 2218158069654074534, levelgen mode: deterministic

24460 gruber the Gelid (level 12, 0/64 HPs)
             Began as a Deep Elf Ice Elementalist on May 5, 2020.
             Was an Elder of Vehumet.
             Hit by a silver javelin thrown by Urug (24 damage)
             ... on level 1 of the Lair of Beasts.
             The game lasted 00:34:51 (18030 turns).

gruber the Gelid (Deep Elf Ice Elementalist)       Turns: 18030, Time: 00:34:51

Health: 0/64       AC: 10    Str:  5    XL:     12   Next: 80%
Magic:  18/32      EV: 19    Int: 26    God:    Vehumet [****..]
Gold:   541        SH:  0    Dex: 15    Spells: 24/39 levels left

rFire    . . .     SeeInvis .   o - +3 hand axe (vorpal)
rCold    . . .     Gourm    .   (no shield)
rNeg     . . .     Faith    +   H - +1 robe {MR+}
rPois    .         Spirit   .   L - +2 hat {MR+}
rElec    .         Reflect  .   (no cloak)
rCorr    .         Harm     .   b - +0 pair of gloves
MR       +++..                  k - +0 pair of boots
Stlth    +++.......             F - amulet of faith
HPRegen  0.20/turn              m - +3 ring of protection
MPRegen  0.23/turn              z - ring of stealth

@: frozen ramparts
A: no striking features
a: Renounce Religion


You were on level 1 of the Lair of Beasts.
You worshipped Vehumet.
Vehumet was greatly pleased with you.
You were not hungry.

You visited 3 branches of the dungeon, and saw 14 of its levels.

You collected 648 gold pieces.
You spent 107 gold pieces at shops.

Inventory:

Hand Weapons
 o - a +3 vorpal hand axe (weapon)
 p - the cursed +0 hand axe "Newtslayer" {vorpal, rF+ rC+}
   (You found it on level 5 of the Dungeon)

   It inflicts extra damage upon your enemies.
   It protects you from fire.
   It protects you from cold.
   It has a curse placed upon it.
Missiles
 d - 8 javelins
 t - 16 poisoned darts (quivered)
Armour
 b - a +0 pair of gloves (worn)
 k - a +0 pair of boots (worn)
 H - a +1 robe of magic resistance (worn)
 L - a +2 hat of magic resistance (worn)
Jewellery
 m - a +3 ring of protection (left hand)
 z - a ring of stealth (right hand)
 F - an amulet of faith (around neck)
Wands
 g - a wand of polymorph (3)
 u - a wand of random effects (38)
 E - a wand of acid (7)
Scrolls
 a - 2 scrolls of identify
 e - 5 scrolls of enchant weapon
 f - 4 scrolls of amnesia
 j - 8 scrolls of remove curse
 s - a scroll of fog {unknown}
 v - 3 scrolls of teleportation
 w - 2 scrolls of vulnerability {unknown}
 y - 4 scrolls of fear
 B - 2 scrolls of immolation {unknown}
 G - a scroll of enchant armour {unknown}
 I - a scroll of noise {unknown}
 J - a scroll of blinking {unknown}
 M - a scroll of magic mapping {unknown}
Potions
 h - 2 potions of brilliance
 i - 3 potions of heal wounds
 l - 3 potions of mutation
 n - 2 potions of curing
 q - 2 potions of flight
 r - 2 potions of might
 x - 3 potions of stabbing
 A - 2 potions of haste
 C - 3 potions of berserk rage {unknown}
 D - a potion of ambrosia
 K - a potion of invisibility {unknown}
Comestibles
 c - 28 rations


   Skills:
 * Level 3.4 Fighting
 - Level 10.0 Dodging
 - Level 2.4 Stealth
 - Level 14.0 Spellcasting
 - Level 6.1 Conjurations
 - Level 3.0 Summonings
 - Level 16.2 Ice Magic


You had 24 spell levels left.
You knew the following spells:

 Your Spells              Type           Power        Failure   Level  Hunger
a - Freeze                Ice            ####         0%          1    None
b - Frozen Ramparts       Ice            ######       0%          3    None
c - Hailstorm             Conj/Ice       ######..     1%          4    None
d - Summon Ice Beast      Ice/Summ       ######..     1%          4    None
e - Mephitic Cloud        Conj/Pois/Air  ####....     1%          3    None

Your spell library contained the following spells:

 Spells                   Type           Power        Failure   Level  Hunger
 Olgreb's Toxic Radiance  Pois           ###.....     9%          4    None
 Foxfire                  Conj/Fire      ####         1%          1    None
 Ensorcelled Hibernation  Hex/Ice        ######       1%          2    None
 Conjure Flame            Conj/Fire      ####....     1%          3    None
 Dazzling Flash           Conj/Hex       ####..       1%          3    None
 Ozocubu's Armour         Chrm/Ice       ######..     1%          3    None
 Inner Flame              Hex/Fire       ###.....     2%          3    None
 Sticky Flame             Conj/Fire      ####....     2%          4    None
 Corona                   Hex            ###....      3%          1    None
 Fireball                 Conj/Fire      ####......   7%          5    ##.....
 Confusing Touch          Hex            ###.....     9%          3    None
 Tukima's Dance           Hex            ###.....     9%          3    None


Dungeon Overview and Level Annotations

Branches:
Dungeon (12/15)            Temple (1/1) D:7            Lair (1/6) D:10
    Orc (0/2) D:11

Altars:
Ashenzari
Dithmenos
Gozag
Kikubaaqudgha
Makhleb
Nemelex Xobeh
Qazlal
Ru
Vehumet
Wu Jian
Xom
The Shining One

Shops:
D:10 *   D:11 }[

Annotations:
D:7 2 transporters
D:11 3 runed translucent doors, Velinor's ghost, journeyman DsBe
Lair:1 Urug


Message History

Urug throws a silver javelin.
The silver javelin closely misses you.
Casting: Frozen Ramparts (safe; 0% risk of failure)
Confirm with . or Enter, or press ? or * to list all spells.
A chill wind blows around you.
Unknown command.
Casting: Summon Ice Beast (dangerous; 1% risk of failure)
Confirm with . or Enter, or press ? or * to list all spells.
A chill wind blows around you.
The wall freezes Urug.
Urug throws a silver javelin.
The silver javelin pierces through your ice beast!
The silver javelin pierces through you!
Unknown command.
Unknown command.
Casting: Summon Ice Beast (dangerous; 1% risk of failure)
Confirm with . or Enter, or press ? or * to list all spells.
A chill wind blows around you.
The wall freezes Urug.
Urug throws a silver javelin.
The silver javelin pierces through your ice beast!!
The silver javelin pierces through you!!
You die...

#..#...........<............#
#..#........................#
##..#.......(........)........
#...............##########...#
#...#........#..# ##..#
#...............## #...
##..#........P...###### #..#
#####...######+##Y.##.#PP#####..#
.(..†..o.o..(..Y@Y..............#
................................#
################.#######..#######
### ####


You could see Urug and 3 friendly ice beasts.

Vanquished Creatures
  Gastronok (Lair:1)
  A rakshasa (D:12)
  A hydra (Lair:1)
  An anaconda (shapeshifter) (D:11)
  A two-headed ogre (D:10)
  2 unseen horrors
  An orc knight (D:12)
  A deep elf mage (D:11)
  2 ugly things (D:12)
  An oklob plant (Lair:1)
  Joseph (D:10)
  A centaur skeleton (D:10)
  2 komodo dragons (Lair:1)
  3 trolls
  2 hornets (D:12)
  6 slime creatures
  2 shadows
  A hippogriff (D:8)
  18 yaks
  4 wraiths (D:11)
  3 vampire mosquitoes (D:11)
  3 steam dragons
  A hungry ghost (D:9)
  A soldier ant (D:12)
  2 porcupines (Lair:1)
  A water moccasin (Lair:1)
  A black bear (D:11)
  8 orc warriors
  4 sky beasts
  An eye of draining (D:11)
  2 necrophages (D:7)
  2 phantoms
  A wolf (D:10)
  4 ogres
  2 centaurs
  Blork the orc (D:4)
  4 big kobolds
  5 bullfrogs
  A gnoll sergeant (D:12)
  4 scorpions
  10 killer bees
  2 howler monkeys (D:11)
  8 wights
  4 crimson imps
  A centaur zombie (D:8)
  17 hounds
  5 orc priests
  6 orc wizards
  2 bullfrog skeletons
  3 iguanas
  8 worker ants
  3 hound zombies
  A hound skeleton (D:4)
  A worker ant zombie (D:7)
  A howler monkey zombie (D:6)
  Robin (D:3)
  A howler monkey skeleton (D:8)
  8 adders
  3 gnolls (D:12)
  4 shadow imps
  An ooze (D:4)
  An adder skeleton (D:4)
  An adder zombie (D:8)
  2 worms
  A dart slug (D:1)
  3 leopard geckos
  33 orcs
  5 ball pythons
  10 bats
  6 giant cockroaches
  14 goblins
  12 hobgoblins
  10 jackals
  3 quokkas (D:3)
  2 frilled lizards
  A jackal zombie (D:8)
  15 kobolds
  A leopard gecko skeleton (D:7)
  6 rats
  2 fungi (Lair:1)
  2 plants (Lair:1)
323 creatures vanquished.

Vanquished Creatures (collateral kills)
  Snorg (D:11)
  Josephine (D:11)
  A hydra (D:12)
  A cyclops (D:11)
  A troll (D:12)
  2 slime creatures
  3 hippogriffs
  4 yaks
  A wyvern (D:12)
  A vampire mosquito (D:11)
  4 ice beasts
  2 phantoms
  An ogre (D:12)
  A bullfrog (D:7)
  A wyvern zombie (D:11)
  A wight (D:8)
  3 killer bees (D:12)
  3 centaur skeletons
  3 bullfrog skeletons
  An orc priest (D:6)
  A hound zombie (D:10)
  A hound skeleton (D:10)
  4 adders
  2 shadow imps (D:9)
  3 kobolds
47 creatures vanquished.

Grand Total: 370 creatures vanquished

Notes
Turn   | Place    | Note
-------+----------+-------------------------------------------
     0 | D:1      | gruber the Deep Elf Ice Elementalist began the quest for
                  | the Orb.
     0 | D:1      | Reached XP level 1. HP: 10/10 MP: 6/6
   221 | D:1      | Reached XP level 2. HP: 14/15 MP: 6/8
   316 | D:1      | Reached skill level 5 in Ice Magic
   838 | D:2      | Reached XP level 3. HP: 19/19 MP: 6/10
   847 | D:2      | Learned a level 3 spell: Frozen Ramparts
  1328 | D:2      | Reached XP level 4. HP: 24/24 MP: 8/12
  1546 | D:3      | Noticed Robin
  1555 | D:3      | Killed Robin
  1742 | D:3      | Reached skill level 5 in Spellcasting
  1880 | D:3      | Reached XP level 5. HP: 28/28 MP: 8/14
  1890 | D:3      | Learned a level 4 spell: Hailstorm
  1895 | D:3      | Learned a level 4 spell: Summon Ice Beast
  1908 | D:3      | Reached skill level 6 in Ice Magic
  2623 | D:4      | Noticed a phantom
  2645 | D:4      | Killed a phantom
  2645 | D:4      | Reached XP level 6. HP: 25/32 MP: 15/17
  2801 | D:4      | Reached skill level 1 in Summonings
  2966 | D:4      | Found a shadowy altar of Dithmenos.
  3049 | D:4      | Reached skill level 7 in Ice Magic
  3305 | D:4      | Reached XP level 7. HP: 36/36 MP: 14/18
  3441 | D:4      | Noticed Blork the orc
  3450 | D:4      | Killed Blork the orc
  3597 | D:5      | Entered Level 5 of the Dungeon
  3643 | D:5      | Reached skill level 8 in Ice Magic
  3653 | D:5      | Got an ichor-stained hand axe
  3656 | D:5      | Identified the cursed +0 hand axe "Newtslayer" {vorpal, rF+
                  | rC+} (You found it on level 5 of the Dungeon)
  4272 | D:6      | Reached skill level 9 in Ice Magic
  4550 | D:6      | Reached XP level 8. HP: 41/41 MP: 12/19
  4944 | D:6      | Found an opulent altar of Gozag.
  4946 | D:6      | Found an ornate altar of the Wu Jian Council.
  4989 | D:6      | Reached skill level 10 in Ice Magic
  5094 | D:6      | Reached skill level 1 in Conjurations
  6317 | D:7      | Reached XP level 9. HP: 41/45 MP: 16/24
  6384 | D:7      | Reached skill level 10 in Spellcasting
  6847 | D:7      | Found a staircase to the Ecumenical Temple.
  6858 | D:7      | Found a transporter.
  6860 | Temple   | Entered the Ecumenical Temple
  6878 | Temple   | Became a worshipper of Vehumet
  6914 | D:7      | Found a transporter.
  8315 | D:9      | HP: 2/45 [ice beast (6)]
  8678 | D:9      | Found a sparkling altar of Nemelex Xobeh.
  8826 | D:9      | Reached * piety under Vehumet
  8826 | D:9      | Offered knowledge of Shock by Vehumet.
  9177 | D:9      | Reached XP level 10. HP: 44/50 MP: 17/29
  9461 | D:9      | Found a sacrificial altar of Ru.
  9659 | D:10     | Entered Level 10 of the Dungeon
  9670 | D:10     | Found Guics's Assorted Antiques.
  9687 | D:10     | Reached skill level 11 in Ice Magic
  9807 | D:10     | Bought a scroll of identify for 44 gold pieces
  9807 | D:10     | Bought a scroll of identify for 44 gold pieces
  9807 | D:10     | Bought a purple potion for 19 gold pieces
  9828 | D:10     | Noticed a two-headed ogre
  9847 | D:10     | Killed a two-headed ogre
  9925 | D:10     | Offered knowledge of Searing Ray by Vehumet.
  9944 | D:10     | Reached skill level 12 in Ice Magic
 10116 | D:10     | Reached ** piety under Vehumet
 10441 | D:10     | Found a staircase to the Lair.
 10710 | D:10     | Noticed Joseph
 10716 | D:10     | Killed Joseph
 10958 | D:10     | Reached skill level 13 in Ice Magic
 11535 | D:10     | Reached XP level 11. HP: 54/54 MP: 8/31
 11913 | D:11     | Found Nauheb's Gadget Boutique.
 12022 | D:11     | Noticed a deep elf mage
 12066 | D:11     | Killed a deep elf mage
 12162 | D:11     | Reached skill level 14 in Ice Magic
 12170 | D:11     | Offered knowledge of Static Discharge by Vehumet.
 12321 | D:11     | Found a staircase to the Orcish Mines.
 12335 | D:11     | Found Myntamp's Armour Shop.
 12666 | D:11     | Reached *** piety under Vehumet
 12875 | D:11     | Noticed an anaconda
 12880 | D:11     | Killed an anaconda
 13205 | D:11     | Offered knowledge of Mephitic Cloud by Vehumet.
 13277 | D:11     | Noticed Snorg
 13285 | D:11     | Killed an unseen horror
 13285 | D:11     | Reached skill level 15 in Ice Magic
 13431 | D:11     | Killed Snorg
 13814 | D:11     | Noticed Josephine
 13917 | D:11     | Killed Josephine
 14058 | D:11     | Learned a level 3 spell: Mephitic Cloud
 14150 | D:11     | Found a runed translucent gate.
 14150 | D:11     | Found a runed translucent gate.
 14151 | D:11     | Found a runed translucent gate.
 14152 | D:11     | Found the +6 arbalest "Damnation" {damnation}
 14152 | D:11     | Noticed Velinor's ghost (journeyman DsBe)
 14723 | D:12     | Reached skill level 16 in Ice Magic
 15408 | D:12     | Noticed a six-headed hydra
 15414 | D:12     | Killed a six-headed hydra
 15520 | D:12     | Noticed a brown ugly thing
 15525 | D:12     | Reached **** piety under Vehumet
 15529 | D:12     | Killed a brown ugly thing
 15529 | D:12     | Reached skill level 5 in Conjurations
 15529 | D:12     | Reached XP level 12. HP: 59/59 MP: 8/32
 15550 | D:12     | Offered knowledge of Olgreb's Toxic Radiance by Vehumet.
 15726 | D:12     | Paralysed by a hornet for 2 turns
 16094 | D:12     | Reached skill level 5 in Dodging
 16245 | D:12     | Noticed a fire dragon
 16301 | D:12     | Noticed a rakshasa
 16314 | D:12     | Killed a rakshasa
 16320 | D:12     | Noticed a storm dragon
 17275 | D:12     | Noticed a fire giant
 17345 | Lair:1   | Entered Level 1 of the Lair of Beasts
 17420 | Lair:1   | Found a burning altar of Makhleb.
 17569 | Lair:1   | Noticed an eight-headed hydra
 17576 | Lair:1   | Killed an eight-headed hydra
 17645 | Lair:1   | Reached skill level 10 in Dodging
 17818 | Lair:1   | Reached skill level 1 in Fighting
 17863 | Lair:1   | Found an ancient bone altar of Kikubaaqudgha.
 17864 | Lair:1   | Noticed Gastronok
 17866 | Lair:1   | Noticed Urug
 17893 | Lair:1   | Killed Gastronok
 18030 | Lair:1   | Hit by a silver javelin thrown by Urug

Levels and vault maps discovered:
D:1:      tarquinn_simple_flora_water_e, layout_loops_ring
D:2:      layout_basic
D:3:      layout_loops_ring, uniq_robin
D:4:      layout_cave_pools, nicolae_dithmenos_the_darkroom, uniq_blork_the_orc
D:5:      layout_rooms, first_ration
D:6:      layout_basic, nicolae_overflow_hidden_temple
D:7:      gammafunk_steamed_eel, layout_rooms,
          minmay_temple_entry_gardened_gates
D:8:      layout_loops_corners
D:9:      layout_rooms, nicolae_ru_the_path_less_chosen, basic_altar
D:10:     layout_basic, erik_lair_island, serial_shops, nicolae_shop_trees,
          uniq_joseph
D:11:     layout_loops_corners, orc_david_3, serial_shops, shop,
          gammafunk_ghost_necromancy, uniq_snorg, uniq_josephine
D:12:     minmay_sliced_demisemicircle, layout_stronghold, serial_column_ruins,
          column_ruins_hut, column_ruins_open_small, column_ruins_open_medium,
          column_ruins_grid_1, hangedman_pestilent_swarm
Temple:   compressed_dpeg_circular_temple
Lair:1:   layout_chaotic_city, basic_altar, lemuel_oklob_altar, uniq_gastronok,
          uniq_urug

Skill      XL: |  1  2  3  4  5  6  7  8  9 10 11 12 |
---------------+-------------------------------------+-----
Ice Magic      | 5 6 7 9 10 13 16 | 16.2
Spellcasting   | 4 5 6 9 13 14 | 14.0
Summonings     | 2 3 |  3.0
Conjurations   | 3 5 6 |  6.1
Dodging        | 10 | 10.0
Fighting       | 3 |  3.4
Stealth        | |  2.4

Action                   |  1- 3 |  4- 6 |  7- 9 | 10-12 || total
-------------------------+-------+-------+-------+-------++-------
Melee: Unarmed           |     8 |     3 |       |       ||    11
       Hand axe          |       |    32 |   117 |    81 ||   230
Throw: Javelin           |       |     1 |       |       ||     1
       Dart              |       |       |     6 |    15 ||    21
 Cast: Freeze            |    53 |    58 |    28 |    18 ||   157
       Frozen Ramparts   |       |    12 |    32 |    56 ||   100
       Summon Ice Beast  |       |     1 |    18 |    88 ||   107
       Hailstorm         |       |       |    45 |   158 ||   203
Evoke: Wand              |       |       |       |     3 ||     3
  Use: Scroll            |       |       |     3 |    10 ||    13
       Potion            |       |       |       |     1 ||     1
 Stab: Sleeping          |       |     1 |     2 |       ||     3
  Eat: Chunk             |     1 |     7 |    13 |    20 ||    41
       Ration            |       |       |     2 |     2 ||     4
Armor: Robe              |    10 |    23 |    67 |    47 ||   147
Dodge: Dodged            |    32 |    46 |   110 |   104 ||   292

Table legend:
 A = Non-vault XP
 B = Vault XP
 C = Vault XP percentage of total XP
 D = Non-vault monster count
 E = Vault monster count
 F = Vault count percentage of total count
                 A         B        C        D         E       F
            +---------+---------+-------+---------+---------+-------
      Total |   24543 |   10400 |  29.8 |     322 |      44 |  12.0
            +---------+---------+-------+---------+---------+-------
        D:1 |      39 |       0 |   0.0 |      22 |       0 |   0.0
        D:2 |      76 |       0 |   0.0 |      17 |       0 |   0.0
        D:3 |      75 |      35 |  31.8 |      25 |      11 |  30.6
        D:4 |     520 |      96 |  15.6 |      22 |       1 |   4.3
        D:5 |     187 |       0 |   0.0 |       6 |       0 |   0.0
        D:6 |     778 |       0 |   0.0 |      25 |       0 |   0.0
        D:7 |    1694 |       0 |   0.0 |      41 |       0 |   0.0
        D:8 |     814 |       0 |   0.0 |      14 |       0 |   0.0
        D:9 |    2481 |       0 |   0.0 |      31 |       0 |   0.0
       D:10 |    3309 |    1059 |  24.2 |      27 |       9 |  25.0
       D:11 |    5241 |    2891 |  35.6 |      35 |      13 |  27.1
       D:12 |    7294 |    3607 |  33.1 |      50 |       8 |  13.8
     Lair:1 |    2035 |    2712 |  57.1 |       7 |       2 |  22.2
            +---------+---------+-------+---------+---------+-------
